cohdb
Replays
Latest Replays
All Replays
Popular Replays
Top Player Replays
Match Explorer
How It Works
Community
CoH3 Stats
Reddit
Sign in to upload your games and track your stats! →
Sign in with Steam
Match 42084803
Unlisted
Match 42084803
Overview
Messages
Build Orders
End
Kettenkrad Recon Vehicle
Construct Infanterie Kompanie
MG 42 Machine Gun Team
Selects Terror Battlegroup
Selects Machine Gun Camouflage
GrW 34 Mortar Team
Grenadier Squad
Construct Luftwaffe Kompanie
Jäger Squad
221 Scout Car
Medical Station
Jäger Squad
Luftwaffe Officer Quarters
Selects Defend the Fatherland
Jäger Squad
Construct Panzergrenadier Kompanie
Pak 40 Anti-tank Gun Team
Support Elements
Nebelwerfer 42 Rocket Launcher Team
Kettenkrad Recon Vehicle
Columbus
Honor: Taylor 'Lover'
DibbeTC
Mad Mac
0
0
Comments
sign in to comment!
No comments posted yet!